 Dungeon Crawl Stone Soup version 0.31-a0-1540-g5a0b83f448 (webtiles) character file.

Game seed: 16080287500006025042

83 Curundu the Slasher (level 4, -1/41 HPs)
             Began as a Minotaur Berserker on Jan 1, 2024.
             Was a Follower of Trog.
             Slain by a gnoll
             ... wielding a +0 halberd
              (4 damage)
             ... on level 2 of the Dungeon.
             The game lasted 00:02:56 (1245 turns).

Curundu the Slasher (Minotaur Berserker)            Turns: 1245, Time: 00:02:56

Health: -1/41      AC: 11    Str: 24    XL:     4   Next: 22%
Magic:  3/3        EV:  9    Int:  4    God:    Trog [*.....]
Gold:   65         SH:  0    Dex:  9    Spells: 3/3 levels left

rFire   + . .        a - +0 falchion
rCold   . . .        (no shield)
rNeg    . . .        h - +2 chain mail {rF+}
rPois   .            (helmet restricted)
rElec   .            (no cloak)
rCorr   .            (no gloves)
SInv    .            (no boots)
Will    .....        (no amulet) Stlth
                     (no ring)
HPRegen 0.26/turn    (no ring)
MPRegen 0.08/turn

%: no passive effects
@: no status effects
A: horns 2, retaliatory headbutt
a: Renounce Religion, Berserk


You were on level 2 of the Dungeon.
You worshipped Trog.
Trog was aware of your devotion.
You visited 1 branch of the dungeon, and saw 2 of its levels.

You collected 65 gold pieces.

Inventory:

Hand Weapons
 a - a +0 falchion (weapon)
Missiles
 k - 3 javelins
Armour
 h - a +2 chain mail of fire resistance (worn)
Scrolls
 d - 2 scrolls of fear {unknown}
 e - a scroll of acquirement {unknown}
 i - a scroll of revelation {unknown}
 j - a scroll of fog {unknown}
 l - a scroll of identify {unknown}
 m - a scroll of enchant armour {unknown}
Potions
 b - a potion of heal wounds {unknown}
 c - a potion of resistance {unknown}
 f - 2 potions of mutation {unknown}
 g - 2 potions of lignification {unknown}


   Skills:
 + Level 4.3 Fighting
 + Level 4.8 Long Blades
 + Level 3.3 Armour
 + Level 2.5 Dodging


You had 3 spell levels left.
You didn't know any spells.
Your spell library was empty.

Dungeon Overview and Level Annotations

Branches:
Dungeon (2/15)

Altars:


Innate Abilities, Weirdness & Mutations

You have a pair of horns on your head.
You reflexively headbutt those who attack you in melee.


Message History

The gnoll barely misses you. You furiously retaliate!
You headbutt the gnoll.
Things that are here:
a +0 spear; a gnoll corpse You hit the gnoll.
The gnoll is moderately wounded.
The gnoll hits you from afar with a +0 halberd!
The gnoll hits you with a +0 spear.
You hit the gnoll. Your headbutt misses the gnoll.
The gnoll is heavily wounded.
The gnoll hits you from afar with a +0 halberd.
The gnoll hits you but does no damage.
You hit the gnoll.
You kill the gnoll!
Trog accepts your kill.
The gnoll hits you from afar with a +0 halberd.
* * * LOW HITPOINT WARNING * * *
You have reached level 4!
You feel stronger.
You hit the gnoll but do no damage. You headbutt the gnoll!
You kill the gnoll!
Trog accepts your kill.
The gnoll hits you from afar with a +0 halberd.
* * * LOW HITPOINT WARNING * * *
The gnoll barely misses you.
Things that are here:
a +0 club; a +0 spear; a gnoll corpse You hit the gnoll.
The gnoll is moderately wounded.
The gnoll hits you with a +0 halberd.
* * * LOW HITPOINT WARNING * * *
The gnoll barely misses you. You furiously retaliate!
You headbutt the gnoll, but do no damage.
You hit the gnoll.
The gnoll is heavily wounded.
The gnoll hits you with a +0 halberd!
* * * LOW HITPOINT WARNING * * *
You closely miss the gnoll. Your headbutt misses the gnoll.
The gnoll is heavily wounded.
The gnoll hits you with a +0 halberd.
You die...

#.......# #. #.
####.#### #. #. #.# #.
.. #.# ## #. #.#######
#. ###........ ## #.
#.....####.
##...#.#######.###.####.
......g@)....>.# #....'.
##.....#######.###..###.
##..## #.......... ##
######.#### #....#
#.#### #.# #.# # #.# #


You could see a gnoll.

Vanquished Creatures
  3 adders (D:2)
  3 gnolls (D:2)
  3 dart slugs (D:2)
  A ribbon worm (D:2)
  4 bats
  2 endoplasms
  A hobgoblin (D:2)
  A quokka (D:1)
  3 ball pythons (D:1)
  2 rats (D:1)
23 creatures vanquished.

Notes
Turn   | Place    | Note
-------+----------+-------------------------------------------
     0 | D:1      | Curundu the Minotaur Berserker began the quest for the Orb.
     0 | D:1      | Reached XP level 1. HP: 19/19 MP: 0/0
   397 | D:1      | Reached XP level 2. HP: 25/27 MP: 1/1
  1015 | D:2      | Reached XP level 3. HP: 30/33 MP: 2/2
  1241 | D:2      | Reached XP level 4. HP: 11/41 MP: 3/3
  1245 | D:2      | Slain by a gnoll

Illustrated notes

Levels and vault maps discovered:
D:1:      heliophobic_arrival_glass_houses, layout_loops_corners
D:2:      layout_loops_corners

Skill      XL: |  1  2  3 |
---------------+----------+-----
Long Blades    | 4 |  4.8
Fighting       | 4 |  4.3
Armour         | 3 |  3.3
Dodging        | |  2.5

Action                     |  1- 3 |  4- 6 || total
---------------------------+-------+-------++-------
  Melee: Falchion          |    63 |     4 ||    67
         Headbutt          |    14 |     1 ||    15
 Armour: Ring mail         |    11 |       ||    11
         Animal skin       |     1 |       ||     1
         Chain mail        |    46 |     4 ||    50
  Dodge: Dodged            |    35 |     2 ||    37

Table legend: (Time is in decaauts)
 A = Elapsed time spent in this place.
 B = Non-inter-level travel time spent in this place.
 C = Inter-level travel time spent in this place.
 D = Time resting spent in this place.
 E = Time spent auto-exploring this place.
 F = Levels seen in this place.
 G = Mean time per level.
                   A        B        C        D        E       F      G
               +--------+--------+--------+--------+--------+-----+--------+
         Total |   1250 |   1250 |      0 |      0 |    998 |   2 |  625.0 |
       Dungeon |   1250 |   1250 |      0 |      0 |    998 |   2 |  625.0 |
               +--------+--------+--------+--------+--------+-----+--------+

Top non-repeatable levels by time:
     D:1: 910 daAuts
     D:2: 340 daAuts
